 Dungeon Sprint DCSS version 0.29.1-2-gbd0b4ee654 (webtiles) character file.

Game seed: 2799499904378211555

422 Groucho the Covert (level 6, 0/35 HPs)
             Began as a Spriggan Fighter on Nov 20, 2022.
             Was a Follower of Makhleb.
             Slain by a wraith (13 damage)
             ... in the Dungeon (Sprint IX: "|||||||||||||||||||||||||||||").
             The game lasted 00:01:34 (619 turns).

Groucho the Covert (Spriggan Fighter)                Turns: 619, Time: 00:01:35

Health: 0/35       AC:  5    Str: 17    XL:     6   Next: 63%
Magic:  7/10       EV: 20    Int: 10    God:    Makhleb [*.....]
Gold:   0          SH:  7    Dex: 14    Spells: 5/5 levels left

rFire   . . .      SeeInvis +   a - +0 rapier
rCold   . . .      Faith    .   c - +0 buckler
rNeg    . . .      Spirit   .   b - +0 robe
rPois   .          Reflect  .   (helmet restricted)
rElec   .          Harm     .   m - +0 cloak
rCorr   .          Rampage  .   (gloves unavailable)
Will    +....      NoTele   +   (boots unavailable)
Stlth   ++++......              (no amulet)
HPRegen 0.11/turn               n - +2 ring of protection
MPRegen 0.12/turn               o - +3 ring of strength

@: mighty, hasted and slowed, very quick
A: very small, no large weapons, unfitting armour, see invisible, speed 3
a: Renounce Religion


You were in the Dungeon.
You worshipped Makhleb.
Makhleb was aware of your devotion.
You visited 1 branch

Inventory:

Hand Weapons
 a - a +0 rapier (weapon)
Armour
 b - a +0 robe (worn)
 c - a +0 buckler (worn)
 e - +0 steam dragon scales
 m - a +0 cloak (worn)
Jewellery
 n - a +2 ring of protection (left hand)
 o - a +3 ring of strength (right hand)
Wands
 l - a wand of iceblast (10)
Scrolls
 j - 2 scrolls of blinking
 k - 2 scrolls of amnesia
Potions
 h - 4 potions of magic
 i - 2 potions of curing


   Skills:
 + Level 5.1 Fighting
 * Level 7.3 Short Blades
 * Level 9.3 Dodging
 * Level 9.9 Stealth
 + Level 4.6 Shields
 * Level 4.5 Invocations


You had 5 spell levels left.
You didn't know any spells.
Your spell library was empty.

Dungeon Overview and Level Annotations

Branches:
Dungeon (1/1)

Altars:
Cheibriados
Dithmenos
Elyvilon
Fedhas
Gozag
Hepliaklqana
Kikubaaqudgha
Makhleb
Nemelex Xobeh
Okawaru
Qazlal
Ru
Sif Muna
Trog
Uskayaw
Vehumet
Wu Jian
Xom
Yredelemnul
Zin
The Shining One
Jiyva
Lugonu


Innate Abilities, Weirdness & Mutations

You are very small and have problems with some larger weapons.
You are too small for most types of armour.
You have supernaturally acute eyesight. (SInv)
You cover ground extremely quickly. (Speed+++)


Message History

Unknown command.
Unknown command.
You are too injured to fight recklessly!
Unknown command.
You are too injured to fight recklessly!
Unknown command.
You are too injured to fight recklessly!
Unknown command.
You are too injured to fight recklessly!
Unknown command.
You are too injured to fight recklessly!
Unknown command.
You are too injured to fight recklessly!
Unknown command.
You are too injured to fight recklessly!
Unknown command.
You are too injured to fight recklessly!
Unknown command.
You hit the wraith but do no damage.
The wraith is moderately damaged.
You flicker back into view.
The wraith completely misses you.
You hit the wraith but do no damage.
The wraith is moderately damaged.
The wraith completely misses you.
Unknown command.
You hit the wraith.
The wraith is heavily damaged.
The wraith hits you!
* * * LOW HITPOINT WARNING * * *
The wraith drains your vigour!
You feel as though you will be slow longer.
Unknown command.
You completely miss the wraith.
The wraith is heavily damaged.
The wraith closely misses you.
Unknown command.
You feel better. The wraith barely misses you.
You feel better. The wraith hits you!
You die... ▓▓▓▓▓▓▓▓▓▓▓▓▓▓▓▓▓▓▓▓▓▓▓ _____'..)..[[..'@WYO..+ ▓▓▓▓▓▓▓▓▓▓▓▓▓▓▓▓▓▓▓▓▓▓▓

You could see a two-headed ogre, a yak and a wraith.

Vanquished Creatures
  A wraith (D)
  A steam dragon (D)
  A phantom (D)
  A howler monkey (D)
  An iguana (D)
  2 adders (D)
  An orc (D)
  2 ball pythons (D)
  A bat (D)
  2 giant cockroaches (D)
13 creatures vanquished.

Notes
Turn   | Place    | Note
-------+----------+-------------------------------------------
     0 | D        | Groucho the Spriggan Fighter began the quest for the Orb.
     0 | D        | Reached XP level 1. HP: 11/11 MP: 2/2
     8 | D        | Reached skill level 1 in Stealth
   369 | D        | Noticed a phantom
   369 | D        | Noticed an iguana
   372 | D        | Reached XP level 2. HP: 16/16 MP: 3/3
   382 | D        | Killed a phantom
   383 | D        | Reached skill level 5 in Stealth
   383 | D        | Reached XP level 3. HP: 21/21 MP: 4/4
   383 | D        | Reached XP level 4. HP: 25/25 MP: 5/5
   394 | D        | Reached skill level 5 in Short Blades
   398 | D        | Found a snail-covered altar of Cheibriados.
   398 | D        | Found a shadowy altar of Dithmenos.
   398 | D        | Found a white marble altar of Elyvilon.
   398 | D        | Found a blossoming altar of Fedhas.
   398 | D        | Found an opulent altar of Gozag.
   399 | D        | Found a hazy altar of Hepliaklqana.
   400 | D        | Found a viscous altar of Jiyva.
   401 | D        | Found an ancient bone altar of Kikubaaqudgha.
   402 | D        | Found a corrupted altar of Lugonu.
   403 | D        | Found a burning altar of Makhleb.
   404 | D        | Found a sparkling altar of Nemelex Xobeh.
   405 | D        | Found an iron altar of Okawaru.
   406 | D        | Found a stormy altar of Qazlal.
   407 | D        | Found a sacrificial altar of Ru.
   408 | D        | Found a shimmering blue altar of Sif Muna.
   409 | D        | Found a bloodstained altar of Trog.
   410 | D        | Found a hide-covered altar of Uskayaw.
   411 | D        | Found a radiant altar of Vehumet.
   412 | D        | Found an ornate altar of the Wu Jian Council.
   413 | D        | Found a shimmering altar of Xom.
   414 | D        | Found a basalt altar of Yredelemnul.
   415 | D        | Found a glowing silver altar of Zin.
   421 | D        | Became a worshipper of Makhleb the Destroyer
   427 | D        | Found a glowing golden altar of the Shining One.
   571 | D        | Noticed a steam dragon
   571 | D        | Noticed a wraith
   571 | D        | Noticed a wraith
   571 | D        | Noticed a yak
   571 | D        | Noticed a two-headed ogre
   574 | D        | HP: 1/25 [steam dragon/ball of steam (13)]
   583 | D        | Killed a steam dragon
   584 | D        | Reached XP level 5. HP: 26/30 MP: 5/8
   604 | D        | Killed a wraith
   605 | D        | Reached skill level 5 in Fighting
   605 | D        | Reached XP level 6. HP: 19/35 MP: 6/10
   607 | D        | Reached * piety under Makhleb
   619 | D        | Slain by a wraith

Illustrated notes

Levels and vault maps discovered:
D:        linesprint [early_d, line_temple, items_1, d_10, items_2, lair_1,
          lair_end, items_3, orc_1, orc_end, items_4, d_15, swamp_1, shoals_1,
          snake_1, spider_1, d_20, vaults_1, items_5, swamp_end, shoals_end,
          snake_end, spider_end, vaults_end, d_27, items_6, zot_1, zot_end,
          crypt_end, forest_end, elf_end, slime_end, tomb_end, abyss_end,
          pan_hell_end]

Skill      XL: |  1  2  3  4  5 |
---------------+----------------+-----
Stealth        | 3 5 8 9 |  9.9
Fighting       | 3 4 5 |  5.1
Short Blades   | 3 4 6 7 |  7.3
Dodging        | 6 8 9 |  9.3
Shields        | 3 4 |  4.6
Invocations    | 3 4 |  4.5

Action                   |  1- 3 |  4- 6 || total
-------------------------+-------+-------++-------
Melee: Rapier            |    25 |    48 ||    73
  Use: Potion            |     2 |     8 ||    10
 Stab: Sleeping          |     1 |       ||     1
       Invisible         |       |     2 ||     2
Armor: Robe              |     3 |     3 ||     6
Dodge: Dodged            |    16 |    27 ||    43
Block: Buckler           |     4 |     7 ||    11
